 Dungeon Crawl Stone Soup version 0.29-a0-315-gaf6dd05e2f (webtiles) character file.

Game seed: 16717398862989560051

132910 Ajdolov the Ogre Mage (level 17, -11/187 HPs)
             Began as an Ogre Earth Elementalist on Mar 29, 2022.
             Was a High Priest of Vehumet.
             Succumbed to poison (poison gas)
             ... on level 3 of the Swamp.
             The game lasted 01:28:45 (44028 turns).

Ajdolov the Ogre Mage (Ogre Earth Elementalist)    Turns: 44028, Time: 01:28:46

Health: -11/187    AC:  9    Str: 24    XL:     17   Next: 13%
Magic:  32/39      EV: 10    Int: 39    God:    Vehumet [*****.]
Gold:   2234       SH:  0    Dex: 16    Spells: 18/52 levels left

rFire   + + .      SeeInvis +   L - +9 lajatang of the Original Sin {freeze, Int+7 Dex+3 Stlth+}
rCold   + . .      Faith    .   (shield currently unavailable)
rNeg    . . .      Spirit   .   x - +4 robe of Augmentation {Str+4 Int+4 Dex+4}
rPois   .          Reflect  .   s - +2 hat
rElec   +          Harm     .   T - scarf {rC+ rF+}
rCorr   .          Rampage  .   (gloves unavailable)
Will    +....                   (boots unavailable)
Stlth   +++.......              Y - amulet of magic regeneration
HPRegen 0.41/turn               r - ring of protection from fire
MPRegen 0.66/turn               k - ring of the Original Sin {*Corrode rElec Str+4 Int+6 SInv}

@: lethally poisoned (-11 -> -72), unable to drink
A: large, unfitting armour, tough skin 1
a: Renounce Religion


You were on level 3 of the Swamp.
You worshipped Vehumet.
Vehumet was extremely pleased with you.
You visited 5 branches of the dungeon, and saw 27 of its levels.
You also visited: Bailey and Volcano.

You collected 2758 gold pieces.
You spent 524 gold pieces at shops.

Inventory:

Hand Weapons
 L - the +9 lajatang of the Original Sin (weapon) {freeze, Int+7 Dex+3 Stlth+}
   (You found it on level 6 of the Lair of Beasts)

   It freezes those it strikes, dealing additional cold damage.
   It can also slow down cold-blooded creatures.
   Int:       It affects your intelligence (+7).
   Dex:       It affects your dexterity (+3).
   Stlth:     It makes you more stealthy.
Missiles
 a - 612 stones
 J - 11 curare-tipped darts
 N - 2 throwing nets
Armour
 s - a +2 hat (worn)
 x - the +4 robe of Augmentation (worn) {Str+4 Int+4 Dex+4}
   (You found it on level 2 of the Dungeon)

   Str:       It affects your strength (+4).
   Int:       It affects your intelligence (+4).
   Dex:       It affects your dexterity (+4).
 T - a scarf of resistance (worn)
 X - a +0 kite shield
Magical Staves
 M - a staff of cold
Jewellery
 k - the ring of the Original Sin (right hand) {*Corrode rElec Str+4 Int+6 SInv}
   (You acquired it on level 10 of the Dungeon)

   [ring of intelligence]

   Str:       It affects your strength (+4).
   Int:       It affects your intelligence (+6).
   rElec:     It insulates you from electricity.
   SInv:      It lets you see invisible.
   *Corrode:  It may corrode you when you take damage.
 r - a ring of protection from fire (left hand)
 u - a ring of protection from fire
 P - a ring of flight
 U - a ring of protection from cold
 Y - an amulet of magic regeneration (around neck)
Wands
 q - a wand of iceblast (21)
 E - a wand of charming (3)
 G - a wand of flame (27)
 K - a wand of acid (9)
 O - a wand of digging (5)
 V - a wand of polymorph (9)
Scrolls
 b - 4 scrolls of enchant armour
 f - 5 scrolls of fog
 m - 8 scrolls of magic mapping
 n - 7 scrolls of blinking
 p - 3 scrolls of enchant weapon
 t - 3 scrolls of brand weapon {unknown}
 v - 5 scrolls of teleportation
 y - 2 scrolls of torment {unknown}
 A - 6 scrolls of vulnerability
 C - 5 scrolls of fear
 F - 3 scrolls of silence
 I - 4 scrolls of amnesia
 Q - 6 scrolls of noise
 R - 4 scrolls of immolation
 S - a scroll of summoning {unknown}
 Z - a scroll of identify
Potions
 c - 5 potions of magic
 d - 6 potions of might
 e - 3 potions of resistance
 g - 4 potions of flight
 h - 15 potions of curing
 i - 10 potions of mutation
 j - 5 potions of brilliance
 l - 3 potions of attraction
 o - 6 potions of heal wounds
 w - 4 potions of haste
 z - 5 potions of lignification
 B - 4 potions of berserk rage
 D - 4 potions of ambrosia
 H - 4 potions of invisibility
 W - a potion of cancellation


   Skills:
 - Level 16.0 Fighting
 - Level 1.7 Dodging
 - Level 1.4 Stealth
 + Level 8.6 Shields
 * Level 18.2 Spellcasting
 - Level 6.6 Conjurations
 - Level 5.0 Transmutations
 - Level 15.0 Ice Magic
 - Level 5.5 Air Magic
 - Level 4.6 Earth Magic
 - Level 5.0 Poison Magic


You had 18 spell levels left.
You knew the following spells:

 Your Spells              Type           Power      Damage    Failure   Level
a - Sandblast             Erth           100%       2d20      1%          1
b - Stone Arrow           Conj/Erth      100%       3d13      1%          3
c - Freezing Cloud        Conj/Ice/Air   41%        6-21      1%          5
d - Ozocubu's Refrigerat  Ice            50%        4d15      1%          7
e - Olgreb's Toxic Radia  Pois           65%        N/A       1%          4
f - Ignite Poison         Fire/Tmut/Pois 57%        N/A       1%          3
g - Irradiate             Conj/Tmut      34%        3d24      1%          5
h - Eringya's Noxious Bo  Tmut/Pois      32%        N/A       4%          6

Your spell library contained the following spells:

 Spells                   Type           Power      Damage    Failure   Level
 Starburst                Conj/Fire      28%        6d9       9%          6
 Beastly Appendage        Tmut           100%       N/A       1%          1
 Magic Dart               Conj           100%       1d8       1%          1
 Shock                    Conj/Air       100%       1d9       1%          1
 Call Imp                 Summ           35%        N/A       1%          2
 Passwall                 Tmut/Erth      54%        N/A       1%          2
 Searing Ray              Conj           100%       2d8       1%          2
 Static Discharge         Conj/Air       70%        N/A       1%          2
 Wereblood                Tmut           65%        N/A       1%          2
 Conjure Flame            Conj/Fire      57%        6-21      1%          3
 Spider Form              Tmut/Pois      65%        N/A       1%          3
 Swiftness                Air            68%        N/A       1%          3
 Airstrike                Air            34%        N/A       1%          4
 Fulminant Prism          Conj/Hex       28%        3d14      1%          4
 Iskenderun's Mystic Bla  Conj/Tloc      57%        2d12      1%          4
 Petrify                  Tmut/Erth      65%        N/A       1%          4
 Sticky Flame             Conj/Fire      57%        2d7       1%          4
 Lee's Rapid Deconstruct  Erth           32%        3d17*     1%          5
 Lightning Bolt           Conj/Air       35%        1d53      1%          5
 Metabolic Englaciation   Hex/Ice        38%        N/A       1%          5
 Call Canine Familiar     Summ           35%        N/A       2%          3
 Portal Projectile        Hex/Tloc       70%        N/A       2%          3
 Summon Lightning Spire   Summ/Air       54%        N/A       2%          4
 Leda's Liquefaction      Hex/Erth       26%        N/A       3%          4
 Alistair's Intoxication  Tmut/Pois      43%        N/A       3%          5
 Simulacrum               Ice/Necr       38%        N/A       6%          6
 Animate Dead             Necr           17%        N/A       9%          4
 Dispel Undead            Necr           35%        3d15      9%          4
 Borgnjor's Vile Clutch   Necr/Erth      26%        N/A       9%          5
 Statue Form              Tmut/Erth      43%        N/A       17%         6
 Manifold Assault         Tloc           35%        N/A       22%         5
 Polar Vortex             Ice            50%        N/A       41%         9
 Death Channel            Necr           17%        N/A       77%         6
 Dispersal                Tloc           17%        N/A       77%         6
 Malign Gateway           Summ/Tloc      17%        N/A       100%        7
 Disjunction              Tloc           17%        N/A       100%        8
 Ignition                 Fire           17%        3d7       100%        8
 Summon Horrible Things   Summ           17%        N/A       100%        8


Dungeon Overview and Level Annotations

Branches:
Dungeon (15/15)            Temple (1/1) D:4            Lair (6/6) D:9
  Swamp (3/4) Lair:4       Spider (0/4) Lair:2        Slime (0/5) Lair:6
    Orc (2/2) D:12            Elf (0/3) Orc:2        Vaults (0/5) D:13
 Depths (0/4) D:15         Bailey (visited)         Volcano (visited)

Altars:
Ashenzari
Cheibriados
Dithmenos
Elyvilon
Fedhas
Gozag
Hepliaklqana
Kikubaaqudgha
Makhleb
Nemelex Xobeh
Okawaru
Qazlal
Ru
Sif Muna
Trog
Uskayaw
Vehumet
Wu Jian
Xom
Yredelemnul
Zin
The Shining One
Jiyva

Shops:
D:12 !   D:14 [   Orc:2 =((*[

Annotations:
D:3 Terence
D:5 exclusion: troll
Lair:5 2 transporters, Nopnof's ghost, journeyman OpTm


Innate Abilities, Weirdness & Mutations

You are too large for most types of armour.
You have tough skin. (AC +1)


Message History

Vehumet accepts your kill.
You feel your power returning.
You are engulfed in poison gas.
You are more poisoned.
You feel extremely sick.
The alligator is engulfed in poison gas.
The alligator is poisoned.
The alligator puts on a burst of speed!
Casting: Ozocubu's Refrigeration (mildly dangerous; 1% risk of failure)
Confirm with . or Enter, or press ? or * to list all spells.
The heat is drained from your surroundings.
You feel very cold.
The alligator is frozen.
You kill the alligator!
Vehumet accepts your kill.
You feel your power returning.
You are engulfed in poison gas.
You are lethally poisoned!
* * * LOW HITPOINT WARNING * * *
x2 You feel extremely sick.
You are engulfed in poison gas.
You are more poisoned.
* * * LOW HITPOINT WARNING * * *
x2 You feel extremely sick.
You cannot drink potions in your current state!
Okay, then.
Okay, then.
You cannot drink potions in your current state!
Unknown command.
Okay, then.
This spell is dangerous to cast!
Memorise Statue Form, consuming 6 spell levels and leaving 12?
You are engulfed in poison gas.
You are more poisoned.
Your memorisation is interrupted.
* * * LOW HITPOINT WARNING * * *
x2 You feel extremely sick.
Casting: Ozocubu's Refrigeration (mildly dangerous; 1% risk of failure)
Confirm with . or Enter, or press ? or * to list all spells.
Okay, then.
Okay, then.
Okay, then.
You cannot drink potions in your current state!
You die...

♣≈≈§♣♣ ♣≈≈≈≈..≈≈≈≈≈.♣
§≈≈≈♣ ♣♣≈≈≈...≈≈♣≈≈≈♣
≈≈≈≈≈..♣♣♣♣♣.♣≈≈.≈≈§≈≈≈≈≈♣
≈≈≈. ♣.♣..≈≈≈.≈≈.††..≈....
♣... ♣.≈≈≈≈≈♣..≈≈≈.♣§≈.♣..
♣≈.♣♣♣.≈≈≈≈≈≈.≈..♣♣○≈.♣♣
♣≈.♣♣.≈≈≈.)>..°..♣ ♣..♣
♣.≈♣≈≈≈♣♣≈..°°°..♣ §.♣
♣..♣♣..♣♣♣..°._@.♣ .♣
♣<≈♣≈...♣♣♣......♣ ♣♣
♣♣≈♣≈≈≈♣♣♣.......♣
♣.≈†..≈♣ ♣♣≈≈...♣♣
♣♣>.≈≈≈♣ ♣..[..♣ ♣.♣♣≈.♣
♣♣.≈♣≈♣♣ ♣♣♣♣♣♣♣ ♣.≈≈♣♣♣
♣♣.♣♣ ♣♣♣


There were no monsters in sight!

Vanquished Creatures
  A thorn hunter (Swamp:1)
  Nessos (Lair:4)
  2 bunyips (Swamp:1)
  A fire dragon (D:15)
  A great orb of eyes (D:15)
  A vault guard (D:13)
  Fannar (D:12)
  3 boulder beetles
  A ghost crab (Swamp:2)
  12 hydras
  5 alligators
  4 centaur warriors
  2 tengu warriors
  3 ogre magi (D:13)
  A two-headed ogre (shapeshifter) (D:13)
  7 two-headed ogres
  A death knight (D:11)
  A merfolk aquamancer (D:12)
  4 orc high priests
  11 death yaks
  Sonja (D:12)
  Nergalle (Lair:4)
  A fire crab (shapeshifter) (D:14)
  4 goliath frogs (Swamp:1)
  A spriggan druid (Swamp:1)
  8 skeletal warriors
  4 swamp dragons
  2 bog bodies (Swamp:1)
  A wizard (D:14)
  4 deep elf pyromancers
  5 orc knights
  5 orc sorcerers
  A wolf spider (Lair:6)
  15 ugly things
  2 manticores
  4 cyclopes
  A manticore (shapeshifter) (D:15)
  3 water nymphs (D:12)
  19 elephants
  12 black mambas
  A guardian serpent (Lair:6)
  2 gargoyles
  18 cane toads
  A torpor snail (Lair:4)
  A kobold demonologist (D:13)
  2 unseen horrors
  2 freezing wraiths
  4 yaktaurs
  A tengu conjurer (D:13)
  12 komodo dragons
  A troll (shapeshifter) (D:15)
  2 bloated husks
  2 polar bears
  3 tyrant leeches (Swamp:1)
  3 hornets (Lair:6)
  22 slime creatures
  6 dream sheep (Lair:6)
  18 blink frogs
  A centaur simulacrum (D:14)
  A jumping spider (Lair:2)
  3 shadows
  9 spriggans
  A water elemental (D:12)
  7 wyverns (Lair:6)
  A vampire (D:11)
  74 yaks
  4 wraiths
  6 fire bats (Volcano)
  5 basilisks
  9 humans (D:13)
  12 vampire mosquitoes
  3 redbacks (Lair:6)
  2 two-headed ogre zombies (D:12)
  4 wargs
  3 acid dragons
  9 swamp worms
  23 water moccasins
  A meliai simulacrum (D:13)
  20 orc warriors
  8 ogres
  4 black bears
  10 wolves
  10 centaurs
  7 phantoms
  2 kobold brigands
  10 bullfrogs
  4 gnoll sergeants
  2 necrophages (D:8)
  4 scorpions
  A wyvern zombie (D:8)
  7 wights (D:8)
  A troll zombie (D:12)
  13 killer bees
  A troll skeleton (D:9)
  8 howler monkeys
  3 electric eels
  A centaur zombie (D:8)
  A crimson imp (D:5)
  5 spriggan skeletons (D:9)
  5 hounds
  17 orc priests
  Ijyb (D:3)
  3 gnoll shamans (D:7)
  A human zombie (D:8)
  Natasha (D:3)
  3 iguanas
  27 orc wizards
  18 hell rats
  5 ogre zombies (D:12)
  2 mummies (D:8)
  Robin (D:1)
  23 gnolls
  A howler monkey zombie (D:8)
  6 adders
  19 river rats
  A shadow imp (D:7)
  2 white imps
  2 ufetubi
  5 worms
  6 dart slugs
  62 orcs
  5 bats
  3 endoplasms
  5 giant cockroaches
  18 goblins
  8 hobgoblins
  A jackal (D:10)
  9 quokkas
  12 ball pythons
  7 frilled lizards
  2 goblin zombies (D:12)
  2 hobgoblin skeletons (D:12)
  5 hobgoblin zombies (D:12)
  13 kobolds
  6 orc skeletons (D:12)
  10 orc zombies (D:12)
  22 rats
  A briar patch (Swamp:1)
  A bush (Lair:6)
899 creatures vanquished.

Vanquished Creatures (others)
  An alligator (Swamp:2)
  A will-o-the-wisp (Swamp:2)
  A bloated husk (Swamp:2)
  2 humans (D:13)
  A swamp drake (Swamp:2)
  64 fungi
  122 plants
192 creatures vanquished.

Grand Total: 1091 creatures vanquished

Notes
Turn   | Place    | Note
-------+----------+-------------------------------------------
     0 | D:1      | Ajdolov the Ogre Earth Elementalist began the quest for the
                  | Orb.
     0 | D:1      | Reached XP level 1. HP: 16/16 MP: 3/3
   261 | D:1      | Reached skill level 1 in Fighting
   472 | D:1      | Reached XP level 2. HP: 27/27 MP: 3/5
   627 | D:1      | Found a faded altar of an unknown god.
   969 | D:1      | Reached skill level 3 in Spellcasting
  1255 | D:2      | Reached XP level 3. HP: 32/35 MP: 4/7
  2038 | D:2      | Noticed Robin
  2424 | D:1      | Killed Robin
  2425 | D:1      | Reached XP level 4. HP: 41/44 MP: 4/9
  2751 | D:2      | Learned a level 3 spell: Stone Arrow
  2918 | D:2      | Found the +4 robe of Augmentation {Str+4 Int+4 Dex+4}
  3191 | D:2      | You fall into a shaft and drop 2 floors!
  3343 | D:4      | Found a broken altar of Ashenzari.
  3415 | D:4      | Found a staircase to the Ecumenical Temple.
  3428 | D:4      | Reached skill level 1 in Conjurations
  3464 | Temple   | Entered the Ecumenical Temple
  3989 | D:3      | Reached XP level 5. HP: 52/53 MP: 10/10
  5030 | D:3      | Reached skill level 4 in Spellcasting
  5178 | D:3      | Noticed Terence
  5300 | D:3      | Found a hide-covered altar of Uskayaw.
  5337 | D:3      | Found a blossoming altar of Fedhas.
  5418 | D:3      | Noticed Ijyb
  5426 | D:3      | Killed Ijyb
  5508 | D:3      | Noticed Natasha
  5521 | D:3      | Killed Natasha
  5522 | D:3      | Reached XP level 6. HP: 53/61 MP: 12/12
  5939 | D:3      | Found a hazy altar of Hepliaklqana.
  6512 | D:4      | Noticed a black bear
  6516 | D:4      | Killed a black bear
  6517 | D:4      | Reached XP level 7. HP: 67/67 MP: 0/13
  7373 | D:5      | Entered Level 5 of the Dungeon
  7483 | D:4      | Reached skill level 5 in Spellcasting
  7808 | D:5      | Found a white marble altar of Elyvilon.
  7826 | D:5      | Reached XP level 8. HP: 77/78 MP: 2/16
  8176 | D:5      | Reached skill level 5 in Conjurations
  8335 | D:5      | Reached skill level 5 in Fighting
  8549 | D:5      | Noticed a two-headed ogre
  8554 | D:5      | Killed a two-headed ogre
  8555 | D:5      | Reached skill level 6 in Spellcasting
  8555 | D:5      | Reached XP level 9. HP: 92/92 MP: 4/19
  8650 | D:5      | Learned a level 5 spell: Freezing Cloud
  8660 | D:5      | Noticed a troll
  8963 | D:5      | Found a radiant altar of Vehumet.
  8967 | D:5      | Found a burning altar of Makhleb.
  8973 | D:5      | Became a worshipper of Vehumet
  9503 | D:6      | Reached skill level 7 in Spellcasting
  9555 | D:6      | Reached skill level 1 in Ice Magic
  9555 | D:6      | Reached skill level 1 in Air Magic
 10055 | D:6      | Reached * piety under Vehumet
 10055 | D:6      | Offered knowledge of Shock by Vehumet.
 10269 | D:6      | Noticed a two-headed ogre
 10274 | D:6      | Killed a two-headed ogre
 10275 | D:6      | Reached skill level 8 in Spellcasting
 10275 | D:6      | Reached XP level 10. HP: 106/106 MP: 8/22
 11714 | D:7      | Found the +3 woodcutter's axe {vorpal}
 11918 | D:7      | Found a shadowy altar of Dithmenos.
 12070 | D:7      | Reached skill level 9 in Spellcasting
 12393 | D:7      | Found a snail-covered altar of Cheibriados.
 12435 | D:7      | Offered knowledge of Static Discharge by Vehumet.
 12603 | D:7      | Reached ** piety under Vehumet
 13057 | D:7      | Reached skill level 10 in Fighting
 13558 | D:8      | Identified the +3 quarterstaff of the Baking Gods {pain,
                  | Int+5}
 14053 | D:7      | Offered knowledge of Conjure Flame by Vehumet.
 14156 | D:7      | Reached skill level 10 in Spellcasting
 14474 | D:8      | Reached XP level 11. HP: 120/120 MP: 11/25
 15024 | D:8      | Found a basalt altar of Yredelemnul.
 15198 | D:8      | Noticed a manticore
 15207 | D:8      | Killed a manticore
 15381 | D:9      | Reached *** piety under Vehumet
 15834 | D:9      | Found a glowing silver altar of Zin.
 15850 | D:9      | Found a staircase to the Lair.
 15913 | D:9      | Found a glowing golden altar of the Shining One.
 16634 | D:9      | Offered knowledge of Mephitic Cloud by Vehumet.
 17069 | D:9      | Reached skill level 11 in Spellcasting
 17499 | D:10     | Entered Level 10 of the Dungeon
 17501 | D:10     | Found a flagged portal.
 17603 | Bailey   | Entered a bailey
 17665 | Bailey   | Reached skill level 5 in Ice Magic
 17665 | Bailey   | Reached skill level 5 in Air Magic
 17707 | Bailey   | Reached **** piety under Vehumet
 17737 | Bailey   | Offered knowledge of Hailstorm by Vehumet.
 17754 | Bailey   | Noticed a two-headed ogre
 17759 | Bailey   | Killed a two-headed ogre
 18657 | D:10     | Noticed a two-headed ogre
 18661 | D:10     | Killed a two-headed ogre
 18662 | D:10     | Reached XP level 12. HP: 136/136 MP: 16/27
 18781 | D:10     | Found a sacrificial altar of Ru.
 19086 | D:10     | Got the Compendium of Lightness and Translocation
 19384 | D:10     | Noticed a two-headed ogre
 19388 | D:10     | Killed a two-headed ogre
 19389 | D:10     | Reached skill level 12 in Spellcasting
 20022 | D:11     | Noticed a death knight
 20365 | D:10     | Identified 2 scrolls of acquirement
 20414 | D:10     | Acquired the ring of the Original Sin {*Corrode rElec Str+4
                  | Int+6 SInv}
 20420 | D:10     | Acquired Goite's Guide on Fire and Calling
 20424 | D:11     | Noticed a four-headed hydra
 20428 | D:11     | Killed a four-headed hydra
 20786 | D:11     | Killed a death knight
 21386 | D:12     | Noticed a merfolk aquamancer
 21390 | D:12     | Noticed a two-headed ogre
 21395 | D:12     | Killed a two-headed ogre
 21396 | D:12     | Killed a merfolk aquamancer
 21400 | D:12     | Reached skill level 13 in Spellcasting
 21584 | D:12     | Reached skill level 15 in Fighting
 22007 | D:12     | Found Hautto's Distillery.
 22289 | D:12     | Noticed Sonja
 22292 | D:12     | Killed Sonja
 22293 | D:12     | Reached XP level 13. HP: 134/150 MP: 22/30
 22294 | D:12     | Reached ***** piety under Vehumet
 22343 | D:12     | Offered knowledge of Ozocubu's Refrigeration by Vehumet.
 22360 | D:12     | Noticed Fannar
 22369 | D:12     | Killed Fannar
 22844 | D:12     | Learned a level 7 spell: Ozocubu's Refrigeration
 23011 | D:12     | Identified the +4 falchion of the Maze {vorpal, rC+++ Will-
                  | Int+6}
 23281 | D:12     | Found a staircase to the Orcish Mines.
 23513 | Lair:1   | Entered Level 1 of the Lair of Beasts
 23903 | Lair:1   | Reached skill level 14 in Spellcasting
 24809 | Lair:1   | Offered knowledge of Yara's Violent Unravelling by Vehumet.
 25598 | Lair:2   | Found a hole to the Spider Nest.
 25773 | Lair:2   | Found a dark tunnel.
 25781 | Volcano  | Entered a volcano
 26767 | Lair:3   | Learned a level 4 spell: Olgreb's Toxic Radiance
 26772 | Lair:3   | Learned a level 3 spell: Ignite Poison
 27172 | Lair:3   | Reached skill level 1 in Transmutations
 27270 | Lair:3   | Reached skill level 1 in Poison Magic
 27325 | Lair:3   | Reached XP level 14. HP: 157/162 MP: 15/32
 27675 | Lair:3   | Reached skill level 15 in Spellcasting
 28452 | Lair:4   | Noticed Nessos
 28459 | Lair:4   | Killed Nessos
 28964 | Lair:4   | Reached skill level 5 in Transmutations
 29116 | Lair:4   | Reached skill level 5 in Poison Magic
 29532 | Lair:4   | Noticed Nergalle
 29538 | Lair:4   | Killed Nergalle
 29841 | Lair:4   | Offered knowledge of Conjure Ball Lightning by Vehumet.
 30095 | Lair:4   | Reached skill level 10 in Ice Magic
 30190 | Lair:4   | Found a staircase to the Swamp.
 30766 | Lair:5   | Noticed Nopnof's ghost (journeyman OpTm)
 30837 | Lair:5   | Found a transporter.
 30847 | Lair:5   | Found a transporter.
 31299 | Lair:6   | Entered Level 6 of the Lair of Beasts
 31682 | Lair:6   | Reached skill level 16 in Spellcasting
 31685 | Lair:6   | Reached XP level 15. HP: 170/170 MP: 32/35
 32342 | Lair:6   | Found a viscous altar of Jiyva.
 32342 | Lair:6   | Found a staircase to the Slime Pits.
 33082 | Lair:6   | Offered knowledge of Irradiate by Vehumet.
 33887 | Lair:6   | Identified the +9 lajatang of the Original Sin {freeze,
                  | Int+7 Dex+3 Stlth+}
 35530 | D:13     | Reached skill level 17 in Spellcasting
 35759 | D:12     | Learned a level 5 spell: Irradiate
 35857 | D:13     | Paralysed by an ogre mage for 2 turns
 36368 | D:13     | Found a gate to the Vaults.
 36863 | D:14     | Reached skill level 1 in Shields
 37027 | D:14     | Reached XP level 16. HP: 179/179 MP: 26/37
 38094 | D:14     | Found Odenaeh's Antique Armour Shop.
 38354 | D:15     | Entered Level 15 of the Dungeon
 38506 | D:15     | Reached skill level 5 in Shields
 38741 | D:15     | Offered knowledge of Orb of Destruction by Vehumet.
 39755 | D:15     | Found a staircase to the Depths.
 40218 | Orc:1    | Entered Level 1 of the Orcish Mines
 40255 | Orc:2    | Entered Level 2 of the Orcish Mines
 40617 | Orc:2    | Found a staircase to the Elven Halls.
 40763 | Orc:2    | Found Poerodul's Jewellery Shoppe.
 40772 | Orc:2    | Bought an amulet of magic regeneration for 420 gold pieces
 41119 | Orc:1    | Offered knowledge of Starburst by Vehumet.
 41647 | Orc:2    | Reached ****** piety under Vehumet
 41754 | Orc:2    | Found Qiolo's Antique Armour Shop.
 41754 | Orc:2    | Found Otyscho's Weapon Shop.
 41779 | Orc:2    | Found Nezug's General Store.
 41779 | Orc:2    | Found Qeuxa's Weapon Emporium.
 41805 | Orc:2    | Bought a scroll of fear for 56 gold pieces
 41805 | Orc:2    | Bought a scroll of teleportation for 48 gold pieces
 41827 | Orc:2    | Learned a level 6 spell: Eringya's Noxious Bog
 42170 | Swamp:1  | Entered Level 1 of the Swamp
 42223 | Swamp:1  | Noticed a thorn hunter
 42237 | Swamp:1  | Killed a thorn hunter
 42699 | Swamp:1  | Reached skill level 15 in Ice Magic
 43255 | Swamp:2  | Reached XP level 17. HP: 169/187 MP: 28/38
 43382 | Swamp:2  | Reached skill level 18 in Spellcasting
 43997 | Swamp:3  | Found a radiant altar of Vehumet.
 44027 | Swamp:3  | HP: 2/187 [poison (poison gas)]
 44028 | Swamp:3  | Succumbed to poison (poison gas)

Illustrated notes

Levels and vault maps discovered:
D:1:      giann_wishing_wells, layout_loops_cross,
          shapermc_ecumenical_altar_flowoftime
D:2:      layout_basic, uniq_robin
D:3:      layout_loops_ring, nzn_hepliaklqana_mist_gate,
          mainiacjoe_overflow_two_lobes, uniq_terence, uniq_ijyb, uniq_natasha
D:4:      layout_gridville, kennysheep_mini_moat,
          minmay_temple_entry_proselytizer
D:5:      layout_loops_corners, grunt_temple_overflow_lords_of_destruction,
          nicolae_elyvilon_peaceful_grove, minmay_fractal_squares_5
D:6:      layout_basic
D:7:      layout_loops_corners, mainiacjoe_overflow_boulevard,
          mainiacjoe_overflow_24_doors, solitary_fountain,
          pf_guarded_unrand_woodcutter
D:8:      layout_cave_pools, lemuel_mausoleum_altar_yredelemnul, serial_glass,
          glass_columns_a, glass_columns_b, nrook_loot_triangle
D:9:      layout_basic, mainiacjoe_overflow_catch_the_wave, lair_entry_dummy,
          hangedman_tell_no_tales
D:10:     layout_roguey, nicolae_ru_great_annihilating_truth, enter_bailey_5
D:11:     layout_basic
D:12:     layout_loops_cross, zombieorc2_lemuel, serial_shops, shop,
          nicolae_splish_splash, uniq_sonja, uniq_fannar
D:13:     layout_basic, ximxim_vaults_locker_room, minivault_28
D:14:     layout_cave_pools, kennysheep_pointless_box, serial_shops, shop
D:15:     gammafunk_enter_depths_forms, layout_long_grid
Temple:   compressed_dpeg_triangle_lava_temple
Lair:1:   lemuel_ratsnest, layout_small_grid, serial_bayou_lagoon_a,
          lemuel_fruit_tree, grunt_megastairs_1
Lair:2:   layout_cave_pods, spider_nest_entry_a, enter_volcano_2, wad_woods_03
Lair:3:   layout_concentric_octagons, kennysheep_abandoned_house,
          grunt_megastairs_4
Lair:4:   layout_gridlike, palyth_hydra_swamp_entry, lemuel_fruit_fields,
          uniq_nessos, uniq_nergalle
Lair:5:   layout_cave_pods, nzn_ghost_randoct
Lair:6:   hangedman_lair_tendril_chambers, layout_loops_ring, slime_altar_1
Swamp:1:  layout_basic_swamp, hangedman_swamp_pad,
          nicolae_swamp_feature_on_the_river_bank, infiniplex_staircase_pool
Swamp:2:  layout_basic_swamp, nicolae_swamp_fairy_circle, swamp_pool3
Swamp:3:  layout_falls_marsh, basic_altar, swamp_pool1, uniq_mara
Orc:1:    cheibrodos_orc_arena, layout_diamond_mine, mines4_lemuel
Orc:2:    st_orc_elflike, layout_diamond_mine, serial_shops,
          nicolae_lakefront_shop

Skill      XL: |  1  2  3  4  5  6  7  8  9 10 11 12 13 14 15 16 17 |
---------------+----------------------------------------------------+-----
Fighting       | 1 2 3 4 6 8 11 13 15 16 | 16.0
Spellcasting   | 3 4 5 6 8 10 11 13 14 16 17 18 | 18.2
Earth Magic    | 3 4 |  4.6
Conjurations   | 1 2 3 4 6 |  6.6
Ice Magic      | 2 4 5 6 9 11 13 15 | 15.0
Air Magic      | 2 4 5 |  5.5
Transmutations | 2 5 |  5.0
Poison Magic   | 2 5 |  5.0
Shields        | 2 8 |  8.6
Dodging        | |  1.7
Stealth        | |  1.4

Action                   |  1- 3 |  4- 6 |  7- 9 | 10-12 | 13-15 | 16-18 || total
-------------------------+-------+-------+-------+-------+-------+-------++-------
Melee: Dagger            |    53 |   130 |    49 |     6 |       |       ||   238
       Unarmed           |     3 |       |       |       |       |       ||     3
       Punch             |     2 |       |     1 |       |       |       ||     3
       Quarterstaff      |       |       |       |    26 |       |       ||    26
       Staff             |       |       |       |     6 |    54 |       ||    60
       Lajatang          |       |       |       |       |    11 |     9 ||    20
 Cast: Sandblast         |    57 |    26 |     7 |    10 |     5 |       ||   105
       Stone Arrow       |       |    18 |    99 |   348 |   297 |   127 ||   889
       Freezing Cloud    |       |       |       |    36 |    82 |    42 ||   160
       Olgreb's Toxic Ra |       |       |       |       |    62 |    16 ||    78
       Ozocubu's Refrige |       |       |       |       |    68 |    65 ||   133
       Ignite Poison     |       |       |       |       |    29 |     8 ||    37
       Irradiate         |       |       |       |       |       |     8 ||     8
       Eringya's Noxious |       |       |       |       |       |     3 ||     3
Evoke: Wand              |       |       |       |       |     1 |       ||     1
  Use: Scroll            |       |       |       |    12 |    10 |     6 ||    28
       Potion            |       |       |       |     2 |       |     1 ||     3
 Stab: Sleeping          |     1 |     4 |       |       |       |       ||     5
Armor: Robe              |    41 |    49 |    55 |    75 |    56 |    17 ||   293
Dodge: Dodged            |    56 |    73 |    59 |   108 |    97 |    22 ||   415
Block: Other             |       |       |       |       |     6 |     2 ||     8

Table legend: (Time is in decaauts)
 A = Elapsed time spent in this place.
 B = Non-inter-level travel time spent in this place.
 C = Inter-level travel time spent in this place.
 D = Time resting spent in this place.
 E = Time spent auto-exploring this place.
 F = Levels seen in this place.
 G = Mean time per level.
                   A        B        C        D        E       F      G
               +--------+--------+--------+--------+--------+-----+--------+
         Total |  44248 |  42225 |   2023 |   8949 |  27947 |  29 | 1525.8 |
       Dungeon |  28543 |  27352 |   1191 |   6248 |  17633 |  15 | 1902.9 |
        Temple |    488 |    482 |      6 |    210 |    261 |   1 |  488.0 |
          Lair |  11030 |  10350 |    680 |   1593 |   7643 |   6 | 1838.3 |
         Swamp |   1727 |   1694 |     33 |    245 |   1190 |   3 |  575.7 |
  Orcish Mines |   1660 |   1548 |    112 |     90 |   1135 |   2 |  830.0 |
        Bailey |    761 |    761 |      0 |    557 |     83 |   1 |  761.0 |
       Volcano |     36 |     36 |      0 |      6 |      0 |   1 |   36.0 |
               +--------+--------+--------+--------+--------+-----+--------+

Top non-repeatable levels by time:
     D:7: 2618 daAuts
     D:2: 2490 daAuts
    D:12: 2471 daAuts
  Lair:4: 2348 daAuts
  Lair:6: 2298 daAuts
    D:13: 2263 daAuts
     D:9: 2180 daAuts
     D:5: 2114 daAuts
  Lair:3: 1890 daAuts
  Lair:1: 1866 daAuts
    D:11: 1750 daAuts
     D:6: 1729 daAuts
    D:15: 1722 daAuts
    D:10: 1705 daAuts
     D:4: 1648 daAuts
